 Dungeon Crawl Stone Soup version 0.28-a0-834-g1a73be5ee4 (webtiles) character file.

Game seed: 9760373027038372821

14095 ders the Geomancer (level 12, -5/64 HPs)
             Began as a Gargoyle Earth Elementalist on Nov 11, 2021.
             Was a Follower of Vehumet.
             Slain by a boulder beetle (66 damage)
             ... on level 12 of the Dungeon.
             The game lasted 00:30:21 (18272 turns).

ders the Geomancer (Gargoyle Earth Elementalist)   Turns: 18272, Time: 00:30:22

Health: -5/64      AC: 14    Str: 13    XL:     12   Next: 12%
Magic:  23/26      EV: 12    Int: 23    God:    Vehumet [*.....]
Gold:   749        SH:  0    Dex: 14    Spells: 27/32 levels left

rFire   + . .      SeeInvis .   i - staff of fire
rCold   + . .      Faith    +   (no shield)
rNeg    + + .      Spirit   .   y - +0 robe of Vehumet's Delight {Harm rN+ Int+3 Dex-2}
rPois   ∞          Reflect  .   (no helmet)
rElec   +          Harm     +   (no cloak)
rCorr   .          Rampage  .   (no gloves)
Will    .....                   N - +2 pair of boots
Stlth   +++.......              h - amulet of faith
HPRegen 0.20/turn               u - +6 ring of dexterity
MPRegen 0.20/turn               t - ring of protection from cold

@: no status effects
A: sickness immunity, AC +8, negative energy resistance 1, electricity
resistance, torment resistance 1, petrification resistance
a: Renounce Religion


You were on level 12 of the Dungeon.
You worshipped Vehumet.
Vehumet was aware of your devotion.
You visited 2 branches of the dungeon, and saw 13 of its levels.

You collected 749 gold pieces.

Inventory:

Missiles
 q - 6 boomerangs of dispersal
 r - 58 stones
 K - a throwing net
Armour
 b - a +1 robe
 s - a +0 troll leather armour
 x - +0 steam dragon scales
 y - the +0 robe of Vehumet's Delight (worn) {Harm rN+ Int+3 Dex-2}
   (You found it on level 7 of the Dungeon)

   Int:       It affects your intelligence (+3).
   Dex:       It affects your dexterity (-2).
   rN:        It protects you from negative energy.
   Harm:      It increases damage dealt and taken.
 N - a +2 pair of boots (worn)
Magical Staves
 i - a staff of fire (weapon)
Jewellery
 d - a +4 ring of protection
 h - an amulet of faith (around neck)
 t - a ring of protection from cold (right hand)
 u - a +6 ring of dexterity (left hand)
 H - a +4 ring of evasion
 I - a +4 ring of protection
 L - a ring of ice
 M - a ring of resist corrosion
Wands
 k - a wand of acid (8)
 l - a wand of flame (35)
 n - a wand of digging (6)
 E - a wand of iceblast (7)
Scrolls
 e - a scroll of brand weapon
 p - 2 scrolls of fear
 C - 3 scrolls of enchant weapon
 D - a scroll of fog
 F - 2 scrolls of noise
 J - a scroll of vulnerability
Potions
 a - a potion of cancellation
 c - a potion of heal wounds
 f - a potion of haste {unknown}
 g - 2 potions of flight
 j - 2 potions of ambrosia
 m - 4 potions of resistance
 o - 5 potions of curing
 v - 2 potions of attraction
 w - a potion of magic {unknown}
 z - a potion of degeneration {unknown}
 A - 2 potions of might {unknown}
 B - a potion of brilliance {unknown}
 G - a potion of berserk rage {unknown}


   Skills:
 + Level 3.1 Fighting
 + Level 1.9 Armour
 - Level 1.5 Dodging
 + Level 4.5 Stealth
 + Level 10.7 Spellcasting
 * Level 11.1 Conjurations
 + Level 0.7 Transmutations
 + Level 1.4 Ice Magic
 + Level 13.0 Earth Magic


You had 27 spell levels left.
You knew the following spells:

 Your Spells              Type           Power      Damage    Failure   Level
a - Sandblast             Erth           100%       2d20      1%          1
b - Stone Arrow           Conj/Erth      100%       3d13      1%          3
c - Freeze                Ice            76%        1d9       3%          1

Your spell library contained the following spells:

 Spells                   Type           Power      Damage    Failure   Level
 Foxfire                  Conj/Fire      100%       2x1d9     1%          1
 Passwall                 Tmut/Erth      36%        N/A       1%          2
 Dazzling Flash           Conj/Hex       76%        N/A       1%          3
 Beastly Appendage        Tmut           30%        N/A       3%          1
 Hailstorm                Conj/Ice       41%        3d10      3%          4
 Petrify                  Tmut/Erth      44%        N/A       3%          4
 Apportation              Tloc           24%        N/A       5%          1
 Summon Small Mammal      Summ           48%        N/A       5%          1
 Iskenderun's Mystic Bla  Conj/Tloc      38%        2d9       5%          4
 Wereblood                Tmut           15%        N/A       6%          2
 Frozen Ramparts          Ice            38%        1d5       9%          3
 Spider Form              Tmut/Pois      14%        N/A       14%         3
 Call Canine Familiar     Summ           12%        N/A       16%         3
 Gell's Gravitas          Tloc           12%        N/A       16%         3
 Summon Guardian Golem    Hex/Summ       12%        N/A       16%         3
 Teleport Other           Tloc           12%        N/A       16%         3
 Starburst                Conj/Fire      27%        6d9       63%         6
 Alistair's Intoxication  Tmut/Pois      9%         N/A       77%         5
 Dispersal                Tloc           6%         N/A       100%        6
 Summon Hydra             Summ           6%         N/A       100%        7
 Sublimation of Blood     Necr           Unusable   N/A       N/A         2

Dungeon Overview and Level Annotations

Branches:
Dungeon (12/15)            Temple (1/1) D:5            Lair (0/6) D:11
    Orc (0/2) D:9

Altars:
Ashenzari
Cheibriados
Dithmenos
Elyvilon
Fedhas
Gozag
Hepliaklqana
Kikubaaqudgha
Makhleb
Nemelex Xobeh
Qazlal
Ru
Sif Muna
Trog
Uskayaw
Vehumet
Wu Jian
Xom
Yredelemnul
Zin
The Shining One
Jiyva

Shops:
D:1 [   D:11 ?

Annotations:
D:4 Eustachio
D:7 2 transporters, sirJeffrey23's ghost, novice DsBe
D:8 3 runed translucent doors, Foxy's ghost, novice DgCj
D:9 exclusion: statue
D:11 Nergalle


Innate Abilities, Weirdness & Mutations

You are immune to sickness and miasma.
Your stone body is resilient. (AC +8)
You are immune to poison.
You resist negative energy. (rN+)
You are resistant to electric shocks. (rElec)
You are resistant to unholy torment.
You are immune to petrification.


Message History

You see here a +2 pair of boots.
N - a +2 pair of boots You start putting on your armour.
You continue putting on your +2 pair of boots. x4
You finish putting on your +2 pair of boots.
You start removing your armour.
You continue taking off your +0 steam dragon scales. x4
You finish taking off your +0 steam dragon scales.
You start putting on your armour.
You continue putting on the +0 robe of Vehumet's Delight {Harm rN+ Int+3 Dex-2}. x5
You finish putting on the +0 robe of Vehumet's Delight {Harm rN+ Int+3 Dex-2}.
You feel clever.
You feel clumsy.
There is an open door here.
You open the door.
There is an open door here.
There is an open door here.
There is an open door here.
Found a robe.
Found a leather armour.
A boulder beetle comes into view.
Found a wand of iceblast (12).
The boulder beetle curls into a ball and begins rolling!
Casting: Stone Arrow (safe; 1% risk of failure)
Confirm with . or Enter, or press ? or * to list all spells.
You can't see any susceptible monsters within range! (Use Z to cast anyway.)
A centaur warrior comes into view. It is wielding a +0 dagger.
Casting: Stone Arrow (safe; 1% risk of failure)
Confirm with . or Enter, or press ? or * to list all spells.
Aiming: Stone Arrow (safe; 1% risk of failure)
Press: ? - help, Shift-Dir - straight line, f - boulder beetle
Aim: a boulder beetle (rolling, 100% to hit)
The stone arrow hits the boulder beetle!
The boulder beetle is moderately wounded.
The centaur warrior unwields a +0 dagger.
The centaur warrior wields a +0 vorpal shortbow.
The centaur warrior shoots an arrow.
The arrow hits you. The boulder beetle hits you!!!
Ouch! That really hurt!
You die...

#####...............#
....#.........[.....#
....#...........[...#
....#...............# .
....+...............# ..
....#...............#...
....#...............'..c
#####...............####
..#........###+#@.......
..#........# #.B......
..#........# #..○..../
..#.......<# #...°....
..#........# #....°...
###........# #........
...>..###### ..#######
......# ..# ......#


You could see a boulder beetle (rolling) and a centaur warrior.

Vanquished Creatures
  A hydra (D:12)
  A death knight (D:12)
  A centaur warrior (D:11)
  Pikel (D:7)
  A cyclops (D:12)
  5 centaur zombies
  An unseen horror (D:8)
  A komodo dragon (D:11)
  4 trolls
  2 vampires
  A shadow (D:11)
  Sigmund (D:7)
  16 yaks
  3 wraiths
  A wyvern (D:9)
  5 humans
  A steam dragon (D:7)
  Edmund (D:7)
  A water moccasin (D:6)
  Duvessa (D:5)
  3 orc warriors (D:9)
  2 black bears
  A sky beast (Temple)
  3 ice beasts
  3 necrophages
  3 ogres
  4 wolves (D:11)
  7 centaurs
  3 lemures
  A gnoll sergeant (D:10)
  A water moccasin zombie (D:7)
  Dowan (D:5)
  A wyvern skeleton (D:7)
  3 water moccasin skeletons
  6 killer bees
  2 howler monkeys
  3 wights (D:8)
  3 electric eels (D:11)
  3 bullfrog zombies
  5 hounds
  7 orc priests
  A jelly (D:5)
  A bullfrog skeleton (D:7)
  2 gnoll shamans (Temple)
  A centaur skeleton (D:7)
  10 orc wizards
  A killer bee zombie (D:7)
  A hound skeleton (D:5)
  2 howler monkey zombies
  7 adders
  15 gnolls
  A howler monkey skeleton (D:7)
  An ufetubus (D:6)
  A worm (D:2)
  2 dart slugs (D:1)
  35 orcs
  5 bats
  7 endoplasms
  A giant cockroach (D:3)
  5 goblins
  7 hobgoblins
  9 jackals
  3 quokkas
  8 ball pythons
  6 frilled lizards
  4 kobolds (D:1)
  7 rats
257 creatures vanquished.

Vanquished Creatures (others)
  A wyvern zombie (D:7)
  2 plants (D:7)
3 creatures vanquished.

Grand Total: 260 creatures vanquished

Notes
Turn   | Place    | Note
-------+----------+-------------------------------------------
     0 | D:1      | ders the Gargoyle Earth Elementalist began the quest for
                  | the Orb.
     0 | D:1      | Reached XP level 1. HP: 10/10 MP: 3/3
    38 | D:1      | Reached skill level 4 in Earth Magic
    38 | D:1      | Reached XP level 2. HP: 15/15 MP: 1/5
   194 | D:1      | Found Motowu's Antique Armour Shoppe.
   455 | D:1      | Reached XP level 3. HP: 17/19 MP: 4/6
   459 | D:1      | Learned a level 3 spell: Stone Arrow
  1518 | D:2      | Reached XP level 4. HP: 23/24 MP: 4/8
  1635 | D:2      | Found a faded altar of an unknown god.
  2040 | D:3      | Found a white marble altar of Elyvilon.
  2055 | D:3      | Reached skill level 5 in Earth Magic
  2402 | D:3      | Reached XP level 5. HP: 24/28 MP: 6/10
  2704 | D:4      | Noticed a necrophage
  2713 | D:4      | Killed a necrophage
  2714 | D:4      | Reached skill level 1 in Conjurations
  2996 | D:4      | Noticed a centaur
  3175 | D:4      | Reached skill level 6 in Earth Magic
  3175 | D:4      | Reached XP level 6. HP: 28/32 MP: 6/12
  3791 | D:4      | Reached XP level 7. HP: 36/36 MP: 6/13
  3909 | D:5      | Entered Level 5 of the Dungeon
  3909 | D:5      | Noticed Dowan
  3910 | D:5      | Noticed Duvessa
  3916 | D:5      | Killed Duvessa
  4105 | D:5      | Killed Dowan
  4105 | D:5      | Noticed Eustachio
  4339 | D:5      | Reached skill level 5 in Spellcasting
  4339 | D:5      | Reached skill level 7 in Earth Magic
  4379 | D:5      | Found a staircase to the Ecumenical Temple.
  4385 | Temple   | Entered the Ecumenical Temple
  4934 | Temple   | Reached XP level 8. HP: 14/42 MP: 9/15
  5518 | Temple   | Reached skill level 1 in Fighting
  6647 | D:5      | Reached skill level 5 in Conjurations
  7251 | D:5      | Reached skill level 8 in Earth Magic
  7290 | D:5      | Learned a level 1 spell: Freeze
  7449 | D:5      | Reached XP level 9. HP: 39/48 MP: 5/18
  8010 | D:6      | Reached skill level 1 in Ice Magic
  8063 | D:6      | Noticed a troll
  8073 | D:6      | Killed a troll
  8387 | D:6      | Reached skill level 9 in Earth Magic
  9038 | D:7      | Noticed Pikel
  9160 | D:7      | Killed Pikel
  9161 | D:7      | Reached skill level 1 in Armour
  9161 | D:7      | Reached XP level 10. HP: 50/54 MP: 8/21
  9488 | D:7      | Noticed Edmund
  9497 | D:7      | Killed Edmund
  9577 | D:7      | Identified the +0 robe of the First Snow {rElec Str-5 Int-2
                  | Dex+9}
  9592 | D:7      | Noticed Sigmund
  9594 | D:7      | Killed Sigmund
  9595 | D:7      | Reached skill level 10 in Earth Magic
 10366 | D:7      | Identified the +0 robe of Vehumet's Delight {Harm rN+ Int+3
                  | Dex-2}
 10720 | D:7      | Found a transporter.
 10727 | D:7      | Noticed sirJeffrey23's ghost (novice DsBe)
 10741 | D:7      | Found a transporter.
 10745 | D:7      | Noticed a moth of wrath
 10969 | D:7      | Found a snail-covered altar of Cheibriados.
 11769 | D:8      | Found a runed translucent gate.
 11770 | D:8      | Found a runed translucent gate.
 11770 | D:8      | Found a runed translucent gate.
 11772 | D:8      | Noticed Foxy's ghost (novice DgCj)
 11776 | D:8      | Found a viscous altar of Jiyva.
 12011 | D:8      | Killed an unseen horror
 12389 | D:8      | Found a shimmering blue altar of Sif Muna.
 13088 | D:9      | Found a staircase to the Orcish Mines.
 13506 | D:8      | Reached skill level 11 in Earth Magic
 13511 | D:8      | Reached XP level 11. HP: 35/59 MP: 3/24
 14160 | D:9      | Found a hide-covered altar of Uskayaw.
 14455 | D:9      | Found a radiant altar of Vehumet.
 14462 | D:9      | Became a worshipper of Vehumet
 14544 | D:9      | Found a bloodstained altar of Trog.
 14546 | D:9      | Found a hazy altar of Hepliaklqana.
 14568 | D:10     | Entered Level 10 of the Dungeon
 14594 | D:10     | Reached skill level 10 in Conjurations
 15342 | D:10     | Reached * piety under Vehumet
 15342 | D:10     | Offered knowledge of Foxfire by Vehumet.
 15681 | D:10     | Found a burning altar of Makhleb.
 15681 | D:10     | Noticed a green death
 15875 | D:11     | Noticed a centaur warrior
 15884 | D:10     | Upgraded the game from 0.28-a0-828-g0121872642 to
                  | 0.28-a0-834-g1a73be5ee4
 16321 | D:11     | Reached skill level 10 in Spellcasting
 16321 | D:11     | Reached skill level 12 in Earth Magic
 16541 | D:11     | Found Lecav's Magic Scroll Boutique.
 16564 | D:11     | Killed a centaur warrior
 16980 | D:11     | Noticed Nergalle
 17186 | D:11     | Found a staircase to the Lair.
 17530 | D:12     | Noticed a four-headed hydra
 17535 | D:12     | Killed a four-headed hydra
 17536 | D:12     | Reached XP level 12. HP: 33/64 MP: 15/26
 17699 | D:12     | Noticed a death knight
 17706 | D:12     | Killed a death knight
 17707 | D:12     | Reached skill level 13 in Earth Magic
 18268 | D:12     | Noticed a boulder beetle
 18271 | D:12     | Noticed a centaur warrior
 18272 | D:12     | Slain by a boulder beetle

Illustrated notes

Levels and vault maps discovered:
D:1:      lightli_molten_gateway, layout_loops_ring, serial_shops, shop,
          chequers_serial_rivers_room_b
D:2:      layout_rooms, dreamdust_ecumenical_altar_hidden_monk_grotto,
          minmay_misc_feat_tiny, minmay_quadrilaterals
D:3:      layout_rooms, elyvilon_altar_3, minmay_misc_feat_five,
          grunt_ministairs_12
D:4:      layout_loops_ring, dk_rats_in_the_wall
D:5:      layout_cave_pods, minmay_temple_entry_overgrown, uniq_eustachio,
          uniq_duvessa
D:6:      layout_rooms, hangedman_decor_lopped, chequers_serial_rivers_micro_d,
          minmay_ruffians
D:7:      layout_basic, marbit_many_paths, gammafunk_ghost_berserking_beasts,
          sigmund_edmund_badplayer, uniq_pikel
D:8:      layout_loops_ring, amcnicky_altar_gilded, gammafunk_ghost_ooze
D:9:      layout_loops_ring, nicolae_overflow_hidden_temple, vehumet_statue,
          david_orc_2
D:10:     layout_basic, makhleb_altar_promises_db
D:11:     layout_big_octagon, erik_lair_island, serial_shops,
          nicolae_square_shop, uniq_nergalle
D:12:     layout_gridville
Temple:   nicolae_temple_figure_eight

Skill      XL: |  1  2  3  4  5  6  7  8  9 10 11 12 |
---------------+-------------------------------------+-----
Earth Magic    | 4 5 6 7 8 9 11 12 13 | 13.0
Spellcasting   | 3 4 5 6 7 9 10 | 10.7
Conjurations   | 1 2 3 6 8 9 10 11 | 11.1
Stealth        | 3 4 |  4.5
Fighting       | 2 3 |  3.1
Ice Magic      | 1 |  1.4
Armour         | 1 |  1.9
Dodging        | |  1.5
Transmutations | |  0.7

Action                   |  1- 3 |  4- 6 |  7- 9 | 10-12 || total
-------------------------+-------+-------+-------+-------++-------
Melee: Unarmed           |     1 |       |       |       ||     1
       Staff             |       |       |     9 |     2 ||    11
 Cast: Sandblast         |    52 |    56 |    30 |    99 ||   237
       Stone Arrow       |       |    12 |   115 |   203 ||   330
       Freeze            |       |       |     5 |       ||     5
  Use: Scroll            |       |     5 |     4 |    13 ||    22
       Potion            |       |       |     2 |     3 ||     5
Armor: Robe              |     2 |     5 |    96 |       ||   103
       Skin              |       |       |    40 |       ||    40
       Troll leather arm |       |       |     9 |     1 ||    10
       Steam dragon scal |       |       |       |   108 ||   108
Dodge: Dodged            |    10 |     9 |   136 |   136 ||   291

Table legend: (Time is in decaauts)
 A = Elapsed time spent in this place.
 B = Non-inter-level travel time spent in this place.
 C = Inter-level travel time spent in this place.
 D = Time resting spent in this place.
 E = Time spent auto-exploring this place.
 F = Levels seen in this place.
 G = Mean time per level.
                   A        B        C        D        E       F      G
               +--------+--------+--------+--------+--------+-----+--------+
         Total |  18312 |  17356 |    956 |   9509 |   5727 |  13 | 1408.6 |
       Dungeon |  16478 |  15612 |    866 |   8053 |   5537 |  12 | 1373.2 |
        Temple |   1834 |   1744 |     90 |   1456 |    190 |   1 | 1834.0 |
               +--------+--------+--------+--------+--------+-----+--------+

Top non-repeatable levels by time:
     D:8: 2133 daAuts
     D:6: 1977 daAuts
  Temple: 1834 daAuts
     D:7: 1769 daAuts
     D:9: 1751 daAuts
     D:5: 1623 daAuts
    D:11: 1481 daAuts
     D:4: 1455 daAuts
    D:10: 1121 daAuts
     D:1: 987 daAuts
     D:2: 893 daAuts
     D:3: 812 daAuts
    D:12: 471 daAuts
